BSA
GREENVILLE 84S @ BAFFIN ISLAND BEAVERS
08/08/2030
 
TOP OF THE 1ST
Greenville 84s batting - Pitching for Baffin Island Beavers : RHP Ron Young
Pitching: RHP Ron Young
Batting: LHB Stanley Smith 0-0: Swinging Strike
0-1: Foul Ball, location: 2F
0-2: Strikes out swinging
Batting: RHB Ramiro Chávez 0-0: SINGLE (Groundball, 6MD)
Batting: RHB Pat Fernández 0-0: Ball
1-0: Grounds into double play, 4-6-3 (Groundball, 4)
Top of the 1st over - 0 runs, 1 hit, 0 errors, 0 left on base; Greenville 0 - Baffin Island 0
BOTTOM OF THE 1ST
Baffin Island Beavers batting - Pitching for Greenville 84s : RHP Dave Smith
Pitching: RHP Dave Smith
Batting: RHB Alden Isenhood 0-0: Ball
1-0: Ball
2-0: Fly out, F4 (Line Drive, 4M)
Batting: LHB Albert Morgan 0-0: Ball
1-0: Ball
2-0: Called Strike
2-1: Called Strike
2-2: Ball
3-2: Base on Balls
Batting: LHB Felipe Guerrero 0-0: Called Strike
0-1: Swinging Strike
0-2: Grounds into double play, 4-6-3 (Groundball, 4)
Bottom of the 1st over - 0 runs, 0 hits, 0 errors, 0 left on base; Greenville 0 - Baffin Island 0
TOP OF THE 2ND
Greenville 84s batting - Pitching for Baffin Island Beavers : RHP Ron Young
Batting: RHB Patrick Potts 0-0: Called Strike
0-1: Ball
1-1: Foul Ball, location: 2F
1-2: Strikes out looking
Batting: LHB Jimmy Vickers 0-0: Called Strike
0-1: SINGLE (Line Drive, 78M)
Batting: RHB Casey Fox 0-0: Swinging Strike
0-1: Grounds into double play, 6-4-3 (Groundball, 56)
Top of the 2nd over - 0 runs, 1 hit, 0 errors, 0 left on base; Greenville 0 - Baffin Island 0
BOTTOM OF THE 2ND
Baffin Island Beavers batting - Pitching for Greenville 84s : RHP Dave Smith
Batting: RHB Paco Arellano 0-0: Called Strike
0-1: Ball
1-1: Fly out, F6 (Flyball, 6MD)
Batting: LHB Howard Evans 0-0: Called Strike
0-1: Foul Ball, location: 2F
0-2: Ground out U3 (Groundball, 3S)
Batting: SHB Alonso Ferreira 0-0: Ball
1-0: Foul Ball, location: 2F
1-1: SOLO HOME RUN (Flyball, 7LD), Distance : 376 ft
Batting: LHB Mike MacFadden 0-0: Called Strike
0-1: Called Strike
0-2: Ball
1-2: Ball
2-2: Fly out, F6 (Line Drive, 56D)
Bottom of the 2nd over - 1 run, 1 hit, 0 errors, 0 left on base; Greenville 0 - Baffin Island 1
TOP OF THE 3RD
Greenville 84s batting - Pitching for Baffin Island Beavers : RHP Ron Young
Batting: LHB Robert Moore 0-0: Fly out, F3 (Popup, 23F)
Batting: RHB Robert Buckley 0-0: Foul Ball, location: 2F
0-1: Called Strike
0-2: Ball
1-2: Foul Ball, location: 2F
1-2: Strikes out looking
Batting: RHB Jeff Packard 0-0: Called Strike
0-1: Swinging Strike
0-2: Ball
1-2: Ball
2-2: Strikes out swinging
Top of the 3rd over - 0 runs, 0 hits, 0 errors, 0 left on base; Greenville 0 - Baffin Island 1
BOTTOM OF THE 3RD
Baffin Island Beavers batting - Pitching for Greenville 84s : RHP Dave Smith
Batting: RHB Pedro Rosado 0-0: Called Strike
0-1: Ball
1-1: Foul Ball, location: 2F
1-2: Ball
2-2: Ball
3-2: Strikes out swinging
Batting: RHB Conner Riley 0-0: Foul Ball, location: 2F
0-1: Foul Ball, location: 2F
0-2: Ground out 6-3 (Groundball, 6MD)
Batting: RHB Alden Isenhood 0-0: Called Strike
0-1: Ball
1-1: Called Strike
1-2: DOUBLE (Line Drive, 78D)
Batting: LHB Albert Morgan 0-0: Foul Ball, location: 2F
0-1: Hit by Pitch
Batting: LHB Felipe Guerrero 0-0: Fielders Choice at 2nd, 6-4 (Groundball, 6)
Bottom of the 3rd over - 0 runs, 1 hit, 0 errors, 2 left on base; Greenville 0 - Baffin Island 1
TOP OF THE 4TH
Greenville 84s batting - Pitching for Baffin Island Beavers : RHP Ron Young
Batting: LHB Stanley Smith 0-0: Foul Ball, location: 2F
0-1: Foul Ball, location: 2F
0-2: Ball
1-2: Ball
2-2: Ball
3-2: Foul Ball, location: 2F
3-2: Fly out, F9 (Flyball, 9LM)
Batting: RHB Ramiro Chávez 0-0: Ground out 6-3 (Groundball, 6)
Batting: RHB Pat Fernández 0-0: Ball
1-0: Called Strike
1-1: Swinging Strike
1-2: Fly out, F8 (Flyball, 89XD)
Top of the 4th over - 0 runs, 0 hits, 0 errors, 0 left on base; Greenville 0 - Baffin Island 1
BOTTOM OF THE 4TH
Baffin Island Beavers batting - Pitching for Greenville 84s : RHP Dave Smith
Batting: RHB Paco Arellano 0-0: Ball
1-0: Ball
2-0: Ball
3-0: Called Strike
3-1: Base on Balls
Batting: LHB Howard Evans 0-0: Ball
1-0: Called Strike
1-1: SINGLE (Groundball, 4D)
Paco Arellano to second
Batting: SHB Alonso Ferreira 0-0: Ball
1-0: Ball
2-0: Ball
3-0: Called Strike
3-1: Base on Balls
Paco Arellano to third
Howard Evans to second
Batting: LHB Mike MacFadden 0-0: Ball
1-0: Called Strike
1-1: SINGLE (Groundball, 4MD)
Paco Arellano scores
Howard Evans to third
Alonso Ferreira to second
Runner from 3rd tries for Home, throw and OUT!
Batting: RHB Pedro Rosado 0-0: Ball
1-0: Ball
2-0: Ball
3-0: Called Strike
3-1: Called Strike
3-2: SINGLE (Line Drive, 6MD)
Alonso Ferreira to third
Mike MacFadden to second
Batting: RHB Conner Riley 0-0: Ball
1-0: Called Strike
1-1: Ground out 4-3 (Groundball, 4S)
Alonso Ferreira scores
Mike MacFadden to third
Pedro Rosado to second
Batting: RHB Alden Isenhood 0-0: Ball
1-0: Swinging Strike
1-1: Foul Ball, location: 2F
1-2: Reached on error, E5 (Line Drive, 5S)
Mike MacFadden scores
Pedro Rosado to third
Batting: LHB Albert Morgan 0-0: Called Strike
0-1: Swinging Strike
0-2: Foul Ball, location: 2F
0-2: Ball
1-2: Ball
2-2: SINGLE (Line Drive, 4MD)
Pedro Rosado scores
Alden Isenhood to second
Batting: LHB Felipe Guerrero 0-0: Called Strike
0-1: Ball
1-1: Foul Ball, location: 2F
1-2: Ball
2-2: Foul Ball, location: 2F
2-2: SINGLE (Groundball, 56D)
Alden Isenhood to third
Albert Morgan to second
Runner from 3rd tries for Home, SAFE, no throw
Batting: RHB Paco Arellano 0-0: Ball
1-0: Foul Ball, location: 2F
1-1: Ball
2-1: Foul Ball, location: 2F
2-2: Fly out, F9 (Flyball, 89M)
Bottom of the 4th over - 5 runs, 5 hits, 1 error, 2 left on base; Greenville 0 - Baffin Island 6
TOP OF THE 5TH
Greenville 84s batting - Pitching for Baffin Island Beavers : RHP Ron Young
Batting: RHB Patrick Potts 0-0: Ball
1-0: Foul Ball, location: 2F
1-1: Swinging Strike
1-2: Strikes out swinging
Batting: LHB Jimmy Vickers 0-0: Called Strike
0-1: Foul Ball, location: 2F
0-2: Ball
1-2: Strikes out swinging
Batting: RHB Casey Fox 0-0: Ball
1-0: Ground out 3-1 (Groundball, 2R)
Top of the 5th over - 0 runs, 0 hits, 0 errors, 0 left on base; Greenville 0 - Baffin Island 6
BOTTOM OF THE 5TH
Baffin Island Beavers batting - Pitching for Greenville 84s : RHP Dave Smith
Batting: LHB Howard Evans 0-0: Ball
1-0: Swinging Strike
1-1: Foul Ball, location: 2F
1-2: Ball
2-2: Foul Ball, location: 2F
2-2: Foul Ball, location: 2F
2-2: Ball
3-2: Fly out, F4 (Line Drive, 34)
Batting: SHB Alonso Ferreira 0-0: Swinging Strike
0-1: Called Strike
0-2: Ball
1-2: Ball
2-2: Ball
3-2: Ground out 4-3 (Groundball, 4)
Batting: LHB Mike MacFadden 0-0: Ball
1-0: Ball
2-0: Ball
3-0: Called Strike
3-1: Ground out 4-3 (Groundball, 4)
Bottom of the 5th over - 0 runs, 0 hits, 0 errors, 0 left on base; Greenville 0 - Baffin Island 6
TOP OF THE 6TH
Greenville 84s batting - Pitching for Baffin Island Beavers : RHP Ron Young
Batting: LHB Robert Moore 0-0: Ball
1-0: Swinging Strike
1-1: Swinging Strike
1-2: Foul Ball, location: 2F
1-2: Ball
2-2: Foul Ball, location: 2F
2-2: Ball
3-2: Strikes out swinging
Batting: RHB Robert Buckley 0-0: Ball
1-0: Ball
2-0: Ground out 6-3 (Groundball, 6M)
Batting: RHB Jeff Packard 0-0: Called Strike
0-1: Swinging Strike
0-2: Strikes out swinging
Top of the 6th over - 0 runs, 0 hits, 0 errors, 0 left on base; Greenville 0 - Baffin Island 6
BOTTOM OF THE 6TH
Baffin Island Beavers batting - Pitching for Greenville 84s : RHP Dave Smith
Pitching: LHP Ed Stevens
Batting: RHB Pedro Rosado 0-0: Foul Ball, location: 2F
0-1: Called Strike
0-2: Ball
1-2: Foul Ball, location: 2F
1-2: Strikes out looking
Batting: RHB Conner Riley 0-0: Ball
1-0: Ground out 5-3 (Groundball, 56S)
Batting: RHB Alden Isenhood 0-0: Ball
1-0: Ball
2-0: Foul Ball, location: 2F
2-1: Fly out, F4 (Popup, 34D)
Bottom of the 6th over - 0 runs, 0 hits, 0 errors, 0 left on base; Greenville 0 - Baffin Island 6
TOP OF THE 7TH
Greenville 84s batting - Pitching for Baffin Island Beavers : RHP Ron Young
Batting: LHB Stanley Smith 0-0: Ball
1-0: Ball
2-0: Called Strike
2-1: Ground out 3-1 (Groundball, 34S)
Batting: RHB Ramiro Chávez 0-0: Called Strike
0-1: Called Strike
0-2: Ball
1-2: Foul Ball, location: 2F
1-2: Foul Ball, location: 2F
1-2: Strikes out swinging
Batting: RHB Pat Fernández 0-0: Called Strike
0-1: Called Strike
0-2: Strikes out swinging
Top of the 7th over - 0 runs, 0 hits, 0 errors, 0 left on base; Greenville 0 - Baffin Island 6
BOTTOM OF THE 7TH
Baffin Island Beavers batting - Pitching for Greenville 84s : LHP Ed Stevens
Batting: LHB Albert Morgan 0-0: Ball
1-0: Called Strike
1-1: Foul Ball, location: 2F
1-2: Ball
2-2: Ball
3-2: Reached on error, E3 (Groundball, 34S)
Batting: LHB Felipe Guerrero 0-0: SINGLE (Groundball, 6MD)
Albert Morgan to second
Batting: RHB Paco Arellano 0-0: Ball
1-0: Foul Ball, location: 2F
1-1: Ball
2-1: Swinging Strike
2-2: Ball
3-2: Grounds into double play, 3-6-4 (Groundball, 34)
Albert Morgan to third
Batting: LHB Howard Evans 0-0: Called Strike
0-1: Hit by Pitch
Batting: SHB Alonso Ferreira 0-0: Ball
1-0: Ground out 1-3 (Groundball, P)
Bottom of the 7th over - 0 runs, 1 hit, 1 error, 2 left on base; Greenville 0 - Baffin Island 6
TOP OF THE 8TH
Greenville 84s batting - Pitching for Baffin Island Beavers : RHP Ron Young
Batting: RHB Patrick Potts 0-0: Called Strike
0-1: Ball
1-1: Ground out U3 (Groundball, 3)
Batting: LHB Jimmy Vickers 0-0: Called Strike
0-1: Ball
1-1: Ball
2-1: Swinging Strike
2-2: Ball
3-2: SINGLE (Groundball, 6MD)
Batting: RHB Casey Fox 0-0: Fielders Choice at 2nd, 4-6 (Groundball, 4)
Batting: LHB Robert Moore 0-0: Foul Ball, location: 2F
0-1: Ball
1-1: Ball
2-1: Ground out 4-3 (Groundball, 34)
Top of the 8th over - 0 runs, 1 hit, 0 errors, 1 left on base; Greenville 0 - Baffin Island 6
BOTTOM OF THE 8TH
Baffin Island Beavers batting - Pitching for Greenville 84s : LHP Ed Stevens
Batting: LHB Mike MacFadden 0-0: Swinging Strike
0-1: SINGLE (Flyball, 9S)
Batting: RHB Pedro Rosado 0-0: Ball
1-0: Ball
2-0: Fly out, F8 (Line Drive, 8RM)
Batting: RHB Conner Riley 0-0: Ball
1-0: Foul Ball, location: 2F
1-1: Ball
2-1: DOUBLE (Groundball, 5L)
Mike MacFadden to third
Runner from 3rd tries for Home, SAFE, no throw
Batting: RHB Alden Isenhood 0-0: Ball
1-0: Ball
2-0: Fly out, F9 (Flyball, 89D)
Runner from 2nd tags up, SAFE at 3rd, no throw
Batting: LHB Albert Morgan 0-0: Called Strike
0-1: Swinging Strike
0-2: Strikes out swinging
Bottom of the 8th over - 1 run, 2 hits, 0 errors, 1 left on base; Greenville 0 - Baffin Island 7
TOP OF THE 9TH
Greenville 84s batting - Pitching for Baffin Island Beavers : RHP Ron Young
Batting: RHB Robert Buckley 0-0: Ball
1-0: Ball
2-0: Ball
3-0: Base on Balls
Batting: RHB Jeff Packard 0-0: Called Strike
0-1: Ball
1-1: Ball
2-1: Foul Ball, location: 2F
2-2: Foul Ball, location: 2F
2-2: Fly out, F7 (Line Drive, 7D)
Batting: LHB Stanley Smith 0-0: Called Strike
0-1: Ball
1-1: Ball
2-1: Foul Ball, location: 2F
2-2: Hit by Pitch
Robert Buckley to second
Batting: RHB Ramiro Chávez 0-0: Called Strike
0-1: Swinging Strike
0-2: Foul Ball, location: 2F
0-2: Foul Ball, location: 2F
0-2: Ball
1-2: Strikes out swinging
Pitching: RHP Ramón López
Batting: RHB Pat Fernández 0-0: Ball
1-0: Ball
2-0: SINGLE (Line Drive, 7LS)
Robert Buckley to third
Stanley Smith to second
Batting: RHB Patrick Potts 0-0: Fly out, F4 (Popup, 34)
Top of the 9th over - 0 runs, 1 hit, 0 errors, 3 left on base; Greenville 0 - Baffin Island 7
Saturday, April 7th, 2018 - OOTP Baseball 18.8 Build 76